 Dungeon Crawl Stone Soup version 0.21-a0-471-gd587bd5 (webtiles) character file.

116 kae the Insei (level 4, -4/54 HPs)
             Began as a Draconian Transmuter on Nov 21, 2017.
             Killed by divine providence
             ... invoked by an orc priest
              (15 damage)
             ... on level 4 of the Dungeon.
             The game lasted 00:01:59 (2028 turns).

kae the Insei (Draconian Transmuter)                Turns: 2028, Time: 00:02:00

Health: -4/54      AC: 22    Str: 12    XL:     4   Next: 69%
Magic:  3/7        EV:  2    Int: 14    God:
Gold:   71         SH:  0    Dex: 12    Spells: 2/8 levels left

rFire    + . .     SeeInvis .   d - +0 club
rCold    + . .     Gourm    .   (no shield)
rNeg     + + +     Faith    .   (armour unavailable)
rPois    +         Spirit   .   (helmet currently unavailable)
rElec    +         Reflect  .   (cloak currently unavailable)
rCorr    +         Harm     .   (gloves currently unavailable)
MR       .....     NoTele   +   (boots currently unavailable)
Stlth    +.........             (no amulet)
HPRegen  0.18/turn              (no ring)
MPRegen  0.10/turn              (no ring)

@: tree-form (expiring), resistant, very slightly contaminated
A: unfitting armour, AC +5
a: no special abilities


You were on level 4 of the Dungeon.
You were not hungry.
You were a tree.
You visited 1 branch of the dungeon, and saw 3 of its levels.

You collected 71 gold pieces.

Inventory:

Hand Weapons
 d - a +0 club (weapon)
Missiles
 a - 12 arrows
Jewellery
 h - an uncursed ring of magical power {unknown}
Scrolls
 e - a scroll of teleportation {unknown}
 j - a scroll of fear {unknown}
 m - a scroll of identify {unknown}
 n - a scroll of enchant weapon {unknown}
 p - a scroll of fog {unknown}
Potions
 i - a potion of curing {unknown}
 o - a potion of resistance
Books
 b - a book of Changes

   Spells                             Type                      Level
   a - Beastly Appendage              Transmutation                1
   b - Sticks to Snakes               Transmutation                2
   c - Spider Form                    Transmutation/Poison         3
   d - Ice Form                       Ice/Transmutation            4
   e - Blade Hands                    Transmutation                5
Comestibles
 c - a bread ration
 k - 2 royal jellies
 l - a meat ration
 r - 3 fruits


   Skills:
 + Level 2.3 Fighting
 - Level 1.7 Dodging
 * Level 4.1 Unarmed Combat
 + Level 2.6 Spellcasting
 * Level 3.0 Transmutations


You had 2 spell levels left.
You knew the following spells:

 Your Spells              Type           Power        Failure   Level  Hunger
a - Beastly Appendage     Tmut           ##....       6%          1    #......
b - Sticks to Snakes      Tmut           ##......     10%         2    ###....
c - Spider Form           Tmut/Pois      #.........   34%         3    ###....


Dungeon Overview and Level Annotations

Branches:
Dungeon (4/15)
 Temple: D:4-7

Altars:

Annotations:
D:4 exclusions: orc priest and orc warrior


Innate Abilities, Weirdness & Mutations

((Your plain brown scales are hard. (AC +5)))
You cannot fit into any form of body armour.
((You are cold-blooded and may be slowed by cold attacks.))


Message History

The orc priest hits you with a hand axe.
* * * LOW HITPOINT WARNING * * *
You barely miss the orc priest. The orc hits you but does no damage.
The orc priest barely misses you.
You hit the orc priest but do no damage.
The orc hits you but does no damage. The orc priest barely misses you.
The orc hits you with a falchion.
* * * LOW HITPOINT WARNING * * *
You barely miss the orc priest.
The orc priest hits you but does no damage.
The orc hits you but does no damage.
You hit the orc priest.
The orc priest is lightly wounded.
The orc priest hits you but does no damage.
The orc hits you but does no damage.
It was a potion of resistance.
You feel protected.
The orc priest mumbles some strange prayers to Beogh against you.
Beogh smites you!
You die...

..).#.#.# #.#
###.# #.# #.# #.#
#.# #.#(# #.# #.#
# #.#.# #.# #.#
#.#.#.# #.# #.#
.#.#.# #.#+#.#
.o#.# #...>.#
#o#.#
###..........#.#♣#
.........###.#.oo#
###....#..# #####
#.........
#.#+#.#.###
###.#.#.#.#
.......?...
###.#.#.#. o#


You could see an orc priest and an orc.

Vanquished Creatures
  An orc priest (D:4)
  A worker ant (D:4)
  A gnoll (D:1)
  2 adders (D:2)
  2 dart slugs
  3 leopard geckos
  2 orcs (D:4)
  2 bats (D:1)
  2 giant cockroaches (D:1)
  3 goblins (D:1)
  2 hobgoblins (D:1)
  2 kobolds
  A quokka (D:2)
  3 frilled lizards
  4 rats
31 creatures vanquished.

Notes
Turn   | Place    | Note
-------+----------+-------------------------------------------
     0 | D:1      | kae the Draconian Transmuter began the quest for the Orb.
     0 | D:1      | Reached XP level 1. HP: 16/16 MP: 3/3
    96 | D:1      | Reached XP level 2. HP: 23/23 MP: 5/5
   639 | D:1      | Reached XP level 3. HP: 26/29 MP: 6/6
   705 | D:1      | Learned a level 2 spell: Sticks to Snakes
   709 | D:1      | Learned a level 3 spell: Spider Form
  1652 | D:2      | You fall through a shaft for 2 floors!
  1738 | D:4      | Noticed an orc warrior
  1921 | D:4      | Reached XP level 4. HP: 36/36 MP: 0/7
  2021 | D:4      | Reached skill level 4 in Unarmed Combat
  2028 | D:4      | Killed from afar by an orc priest

Vault maps used:
D:1:      moated_graveyard_arrival
D:4:      lemuel_temple_firewalk_b

Skill      XL: |  1  2  3  4 |
---------------+-------------+-----
Fighting       | 2 |  2.3
Unarmed Combat | 4 |  4.1
Transmutations | 3 |  3.0
Dodging        | |  1.7
Spellcasting   | |  2.6

Action                   |  1- 3 |  4- 6 || total
-------------------------+-------+-------++-------
Melee: Unarmed           |    15 |       ||    15
       Club              |   105 |    22 ||   127
       Tailslap          |     9 |     2 ||    11
       Kick              |     3 |       ||     3
       Headbutt          |     3 |       ||     3
 Cast: Beastly Appendage |     4 |     1 ||     5
       Spider Form       |     1 |       ||     1
  Use: Potion            |     1 |     3 ||     4
 Stab: Sleeping          |     3 |       ||     3
  Eat: Chunk             |     3 |     1 ||     4
Armor: Skin              |    46 |    27 ||    73
Dodge: Dodged            |    98 |    11 ||   109

Table legend:
 A = Spawn XP
 B = Non-spawn XP
 C = Spawn XP percentage of total XP
 D = Spawn monster count
 E = Non-spawn monster count
 F = Spawn count percentage of total count
 G = Total turns spent on level
                    A         B        C        D         E        F      G
               +---------+---------+-------+---------+---------+-------+---------
         Total |       0 |     166 |   0.0 |       0 |      31 |   0.0 |  2028
               +---------+---------+-------+---------+---------+-------+---------
           D:1 |       0 |      48 |   0.0 |       0 |      19 |   0.0 |   947
           D:2 |       0 |      34 |   0.0 |       0 |       7 |   0.0 |   705
           D:4 |       0 |      84 |   0.0 |       0 |       5 |   0.0 |   376
               +---------+---------+-------+---------+---------+-------+---------
